 Dungeon Crawl Stone Soup version 0.21-a0-578-gc6e9d75 (webtiles) character file.

570 KristoblXynda the Chopper (level 7, 0/55 HPs)
             Began as a Black Draconian Gladiator on Dec 18, 2017.
             Was a Follower of Okawaru.
             Slain by a killer bee (2 damage)
             ... on level 3 of the Dungeon.
             The game lasted 00:05:45 (3141 turns).

KristoblXynda the Chopper (DrGl)                    Turns: 3141, Time: 00:05:46

Health: 0/55       AC:  6    Str: 18    XL:     7   Next: 11%
Magic:  0/8        EV: 20    Int: 14    God:    Okawaru [*.....]
Gold:   255        SH:  0    Dex: 17    Spells: 6/6 levels left

rFire    . . .     SeeInvis .   a - +1 war axe
rCold    . . .     Gourm    .   (no shield)
rNeg     . . .     Faith    .   (armour unavailable)
rPois    .         Spirit   +   b - +0 hat
rElec    +         Reflect  .   l - scarf {Spirit}
rCorr    .         Harm     .   (no gloves)
MR       .....                  (no boots)
Stlth    +++.......             (no amulet)
HPRegen  0.18/turn              (no ring)
MPRegen  0.11/turn              (no ring)

@: brilliant, agile, lethally poisoned (0 -> -7), short of breath, hasted, very
quick
A: breathe lightning, unfitting armour, electricity resistance, cold-blooded, AC
+6
a: Breathe Lightning, Heroism, Renounce Religion


You were on level 3 of the Dungeon.
You worshipped Okawaru.
Okawaru was aware of your devotion.
You were not hungry.

You visited 1 branch of the dungeon, and saw 4 of its levels.

You collected 255 gold pieces.

Inventory:

Hand Weapons
 a - a +1 war axe (weapon)
Missiles
 c - 4 throwing nets (quivered)
Armour
 b - a +0 hat (worn)
 l - a scarf of spirit shield (worn)
Scrolls
 e - a scroll of teleportation {unknown}
 g - 4 scrolls of remove curse {unknown}
 j - a scroll of immolation {unknown}
 m - a scroll of random uselessness {unknown}
 p - a scroll of amnesia {unknown}
Comestibles
 d - 8 rations


   Skills:
 - Level 2.1 Fighting
 * Level 6.1 Axes
 - Level 3.2 Throwing
 + Level 4.4 Dodging
 + Level 2.2 Invocations


You had 6 spell levels left.
You didn't know any spells.

Dungeon Overview and Level Annotations

Branches:
Dungeon (4/15)
 Temple: D:4-7

Altars:
Ashenzari
Nemelex Xobeh
Okawaru
Trog


Innate Abilities, Weirdness & Mutations

You can breathe wild blasts of lightning.
Your glossy black scales are hard. (AC +6)
You cannot fit into any form of body armour.
You are resistant to electric shocks. (rElec)
You are cold-blooded and may be slowed by cold attacks.


Message History

You feel sick.
There is an escape hatch in the ceiling here.
The killer bee barely misses you. The killer bee misses you.
The killer bee barely misses you. A mysterious force pulls you upwards.
The hatch slams shut behind you.
You hit the killer bee.
The killer bee is lightly wounded.
You miss the killer bee. The killer bee closely misses you.
The killer bee stings you!
* * * LOW HITPOINT WARNING * * *
The killer bee stings you but does no damage.
The killer bee stings you.
* * * LOW HITPOINT WARNING * * *
You are lethally poisoned!
The killer bee poisons you!
* * * LOW HITPOINT WARNING * * *
You feel sick.
* * * LOW HITPOINT WARNING * * *
You feel sick. The killer bee stings you.
You die...

###.................#.....##...
#......<....#.#...#..........
#.........)..................
##................#..........
################.....#......###.
#........................##.# ##
##.##############.......####'####
>...# #########...##.......#
..).# #...y@.....##...†.....
....# #...y.....##..........
....# #.........##....###...
##.##### #.........##...##y##..
#......# #.........##...†###...
#......#####.........###.........
#....÷...............###.).._..))
#..................#...##.......#
####...............#.#..###.).###


You could see 2 killer bees.

Vanquished Creatures
  An ogre (D:3)
  3 killer bees (D:4)
  A centaur skeleton (D:4)
  An orc wizard (D:3)
  An orc priest (D:4)
  2 hounds (D:4)
  A worker ant (D:4)
  A howler monkey skeleton (D:4)
  5 adders
  4 oozes
  An adder skeleton (D:4)
  3 worms (D:3)
  A dart slug (D:2)
  5 leopard geckos
  11 orcs
  A ball python (D:2)
  6 giant cockroaches
  7 goblins
  5 hobgoblins
  7 jackals
  5 kobolds
  3 quokkas
  2 bats
  9 frilled lizards
  12 rats
98 creatures vanquished.

Notes
Turn   | Place    | Note
-------+----------+-------------------------------------------
     0 | D:1      | KristoblXynda the Draconian Gladiator began the quest for the Orb.
     0 | D:1      | Reached XP level 1. HP: 17/17 MP: 1/1
   209 | D:1      | Reached XP level 2. HP: 24/24 MP: 2/2
   762 | D:2      | Reached XP level 3. HP: 19/29 MP: 3/3
   993 | D:2      | Found an iron altar of Okawaru.
  1002 | D:2      | Became a worshipper of Warmaster Okawaru
  1373 | D:2      | Reached XP level 4. HP: 33/36 MP: 4/4
  1460 | D:2      | Found a sparkling altar of Nemelex Xobeh.
  1686 | D:3      | Reached skill level 4 in Axes
  1856 | D:3      | Reached XP level 5. HP: 35/41 MP: 5/5
  1944 | D:3      | Noticed a moth of wrath
  1946 | D:3      | Found a bloodstained altar of Trog.
  2380 | D:3      | Noticed an ogre
  2510 | D:3      | Killed an ogre
  2510 | D:3      | Reached * piety under Okawaru
  2510 | D:3      | Reached skill level 5 in Axes
  2621 | D:4      | Reached XP level 6. HP: 38/48 MP: 6/6
  2771 | D:4      | Reached skill level 1 in Invocations
  2776 | D:4      | Found a shattered altar of Ashenzari.
  3098 | D:4      | Your scales start taking on a glossy black colour.
  3098 | D:4      | Reached XP level 7. HP: 55/55 MP: 8/8
  3098 | D:4      | Gained mutation: You are resistant to electric shocks. (rElec) [Black Draconian growth]
  3108 | D:4      | Reached skill level 6 in Axes
  3141 | D:3      | HP: 2/55 [poisoned by a killer bee]
  3141 | D:3      | Slain by a killer bee

Vault maps used:
D:1:      saegor_arrival_simple_b
D:2:      nemelex_xobeh_ov_fountains_minmay, first_ration, okawaru_gym_becter
D:3:      tgw_trog
D:4:      ashenzari_altar_1

Skill      XL: |  1  2  3  4  5  6  7 |
---------------+----------------------+-----
Throwing       | 2 3 |  3.2
Dodging        | 3 4 |  4.4
Axes           | 4 5 6 |  6.1
Invocations    | 2 |  2.2
Fighting       | |  2.1

Action                   |  1- 3 |  4- 6 |  7- 9 || total
-------------------------+-------+-------+-------++-------
Melee: War axe           |    92 |   196 |    18 ||   306
       Tailslap          |     5 |    22 |     1 ||    28
Throw: Throwing net      |       |     1 |       ||     1
 Abil: Breathe Lightning |       |       |     1 ||     1
  Use: Scroll            |       |     3 |     1 ||     4
       Potion            |       |     1 |     5 ||     6
 Stab: Sleeping          |     1 |     1 |       ||     2
  Eat: Chunk             |     1 |     3 |       ||     4
       Ration            |       |     1 |       ||     1
Armor: Skin              |    18 |    83 |    24 ||   125
Dodge: Dodged            |    70 |   152 |    28 ||   250

Table legend:
 A = Spawn XP
 B = Non-spawn XP
 C = Spawn XP percentage of total XP
 D = Spawn monster count
 E = Non-spawn monster count
 F = Spawn count percentage of total count
 G = Total turns spent on level
                    A         B        C        D         E        F      G
               +---------+---------+-------+---------+---------+-------+---------
         Total |       0 |     815 |   0.0 |       0 |      98 |   0.0 |  3141
               +---------+---------+-------+---------+---------+-------+---------
           D:1 |       0 |      33 |   0.0 |       0 |      18 |   0.0 |   743
           D:2 |       0 |      74 |   0.0 |       0 |      23 |   0.0 |   912
           D:3 |       0 |     243 |   0.0 |       0 |      37 |   0.0 |   896
           D:4 |       0 |     465 |   0.0 |       0 |      20 |   0.0 |   590
               +---------+---------+-------+---------+---------+-------+---------
